 Dungeon Crawl Stone Soup version 0.29.1-2-gbd0b4ee654 (webtiles) character file.

Game seed: 14109275615150284487

4651 Icepheonix32 the Fighter (level 10, 0/136 HPs)
             Began as a Minotaur Fighter on Oct 26, 2022.
             Was a Believer of Okawaru.
             Slain by an orc warrior
             ... wielding a +0 war axe
              (12 damage)
             ... in a bailey.
             The game lasted 00:13:42 (8848 turns).

Icepheonix32 the Fighter (Minotaur Fighter)         Turns: 8848, Time: 00:13:43

Health: 0/136      AC: 29    Str: 22    XL:     10   Next: 20%
Magic:  11/11      EV:  2    Int: 11    God:    Okawaru [**....]
Gold:   480        SH:  0    Dex: 13    Spells: 9/9 levels left

rFire   . . .      SeeInvis .   I - +4 mace (freeze)
rCold   . . .      Faith    .   (no shield)
rNeg    . . .      Spirit   .   (body armour currently unavailable)
rPois   +          Reflect  .   (helmet currently unavailable)
rElec   .          Harm     .   (cloak currently unavailable)
rCorr   .          Rampage  .   (gloves currently unavailable)
Will    .....      NoTele   +   (boots currently unavailable)
Stlth   ++........              (no amulet)
HPRegen 0.32/turn               g - +6 ring of intelligence
MPRegen 0.12/turn               A - +4 ring of protection

@: tree-form
A: stationary, stasis, torment immunity, boosted hp, (horns 2), (retaliatory
headbutt)
a: Renounce Religion, Heroism


You were in a bailey.
You worshipped Okawaru.
Okawaru was pleased with you.
You were a tree.
You visited 2 branches of the dungeon, and saw 10 of its levels.
You also visited: Bailey.

You collected 480 gold pieces.

Inventory:

Hand Weapons
 y - a +0 trident
 B - a +0 battleaxe of draining
 C - a +2 flail of protection
 I - a +4 mace of freezing (weapon)
 J - a +4 mace
 K - a +4 long sword
 Q - a +1 battleaxe of flaming
Missiles
 r - 5 boomerangs (quivered)
 z - 2 throwing nets
 F - 4 atropa-tipped darts
Armour
 c - a +0 buckler
 f - a +2 pair of gloves (melded)
 O - quicksilver dragon scales (melded)
Magical Staves
 d - a staff of poison
Jewellery
 e - a ring of magical power
 g - a +6 ring of intelligence (left branch)
 l - a ring of fire
 n - a ring of resist corrosion
 A - a +4 ring of protection (right branch)
 E - a ring of magical power
 P - a ring of poison resistance
Wands
 p - a wand of acid (6)
 R - a wand of iceblast (12)
Scrolls
 a - a scroll of poison
 b - 3 scrolls of noise {unknown}
 m - 3 scrolls of amnesia
 s - a scroll of vulnerability
 t - a scroll of fear
 u - 4 scrolls of teleportation
 v - 4 scrolls of enchant weapon
 w - 2 scrolls of brand weapon
 x - 2 scrolls of identify
 D - a scroll of silence {unknown}
 G - 2 scrolls of torment {unknown}
 H - 2 scrolls of blinking {unknown}
 N - a scroll of enchant armour
Potions
 i - 5 potions of curing
 j - a potion of invisibility
 k - 2 potions of lignification
 o - 3 potions of brilliance
 q - 2 potions of resistance {unknown}
 L - a potion of heal wounds
 M - a potion of degeneration {unknown}


   Skills:
 * Level 9.2 Fighting
 - Level 6.0(7.5) Axes
 - Level 2.6(4.6) Maces & Flails
 + Level 6.2(7.3) Polearms
 + Level 5.8 Throwing
 + Level 8.9 Armour
 + Level 3.2 Dodging
 + Level 1.2 Stealth
 + Level 4.8 Shields
 * Level 3.6 Invocations
 + Level 0.4 Evocations


You had 9 spell levels left.
You didn't know any spells.
Your spell library contained the following spells:

 Spells                   Type           Power      Damage    Failure   Level
 Magic Dart               Conj           0%         1d3       34%         1
 Scorch                   Fire           0%         2d5       47%         2
 Searing Ray              Conj           0%         2d4       47%         2
 Gell's Gravitas          Tloc           0%         N/A       71%         3
 Ignite Poison            Fire/Tmut/Pois 0%         N/A       71%         3
 Lesser Beckoning         Tloc           0%         N/A       71%         3
 Ozocubu's Armour         Ice            0%         N/A       71%         3
 Teleport Other           Tloc           0%         N/A       71%         3
 Fulminant Prism          Conj/Hex       0%         3d6       98%         4
 Ozocubu's Refrigeration  Ice            0%         4d7       100%        7


Dungeon Overview and Level Annotations

Branches:
Dungeon (9/15)             Temple (1/1) D:6            Lair (0/5) D:8
    Orc (0/2) D:9          Bailey (1/1)

Altars:
Ashenzari
Cheibriados
Dithmenos
Elyvilon
Fedhas
Gozag
Hepliaklqana
Kikubaaqudgha
Makhleb
Nemelex Xobeh
Okawaru
Qazlal
Ru
Sif Muna
Uskayaw
Vehumet
Wu Jian
Xom
Yredelemnul
Zin
The Shining One

Shops:
D:4 (   D:9 =

Annotations:
D:8 exclusion: statue, Amaemon


Innate Abilities, Weirdness & Mutations

You are a tree.
Your roots penetrate the ground, keeping you stationary.
You cannot be teleported.
You are immune to unholy pain and torment.
Your maximum health is greatly increased.
Your equipment is partially melded.
((You have a pair of horns on your head.))
((You reflexively headbutt those who attack you in melee.))


Message History

Cornered, the orc warrior turns to fight! x2
You catch the helpless orc knight completely off-guard!
You sock the orc knight! You freeze the orc knight.
You kill the orc knight!
Okawaru is honoured by your kill.
Your Fighting skill increases to level 9!
The orc shouts!
The orc warrior hits you with a +0 battleaxe!
* * * LOW HITPOINT WARNING * * *
The orc warrior hits you but does no damage.
Things that are here:
a +0 war axe; a +0 ring mail; an atropa-tipped dart You hit the orc warrior.
You freeze the orc warrior.
The orc warrior is lightly wounded.
The orc warrior hits you with a +0 battleaxe!
* * * LOW HITPOINT WARNING * * *
The orc warrior hits you but does no damage.
Unknown command.
You sock the orc warrior! You freeze the orc warrior.
The orc warrior is severely wounded.
The orc warrior closely misses you. You furiously retaliate!
You headbutt the orc warrior. The orc warrior misses you.
Unknown command.
Really quaff the potion of lignification?
You turn into a tree.
Your +2 pair of gloves melds into your body.
Your quicksilver dragon scales melds into your body.
Your roots penetrate the ground.
The orc warrior hits you but does no damage. x2
Unknown command.
You hit the orc warrior. You freeze the orc warrior.
The orc warrior is severely wounded.
The orc warrior hits you but does no damage. x2
Unknown command.
You hit the orc warrior. You freeze the orc warrior.
The orc warrior is almost dead.
The orc warrior hits you but does no damage.
The orc warrior jeers loudly, as Orcs often do.
The orc warrior hits you with a +0 war axe!
You die...

..# ......... ..#
.......! .### ###
...... ##.###
###.###... .....###
###.....#'#
.......###......)).##
........#.......o...#
........#...........#
..⌠.....#)....⌠.♣o..#
........')......o...#
........#)..........#
.......###......(..##
.....### ###.....###
##.### ###.### ###
###


You could see 2 orc warriors and an orc.

Vanquished Creatures
  An orc knight (Bailey)
  Joseph (D:8)
  A kobold demonologist (D:8)
  Grinder (D:4)
  5 yaks (D:5)
  A steam dragon (D:7)
  3 sky beasts
  4 orc warriors
  3 ice beasts
  4 ogres
  A centaur (D:8)
  A kobold brigand (D:6)
  A necrophage (D:5)
  2 scorpions (D:5)
  A bullfrog (D:8)
  3 wights (D:6)
  5 hounds
  A jelly (D:4)
  3 orc priests
  2 iguanas
  Natasha (thrice) (D:4)
  2 orc wizards (D:7)
  13 gnolls
  6 adders
  An ufetubus (D:5)
  2 dart slugs
  A worm (D:5)
  25 orcs
  6 bats
  7 endoplasms
  8 giant cockroaches
  18 goblins
  16 hobgoblins
  13 jackals
  7 quokkas
  9 ball pythons
  5 frilled lizards
  8 kobolds
  3 rats
197 creatures vanquished.

Notes
Turn   | Place    | Note
-------+----------+-------------------------------------------
     0 | D:1      | Icepheonix32 the Minotaur Fighter began the quest for the
                  | Orb.
     0 | D:1      | Reached XP level 1. HP: 19/19 MP: 0/0
     6 | D:1      | Noticed a black mamba
     6 | D:1      | Noticed a seven-headed hydra
     7 | D:1      | Noticed a swamp worm
     7 | D:1      | Noticed a black bear
    70 | D:1      | Reached skill level 4 in Fighting
   178 | D:1      | Got Sif Muna's Almanac of the Flamy Winter
   188 | D:1      | Found a faded altar of an unknown god.
   205 | D:1      | Reached XP level 2. HP: 27/27 MP: 1/1
   675 | D:1      | Reached XP level 3. HP: 34/34 MP: 2/2
  1111 | D:2      | You fall into a shaft and drop 2 floors!
  1132 | D:4      | Noticed an ogre
  1142 | D:4      | Killed an ogre
  1143 | D:4      | Reached skill level 5 in Fighting
  1143 | D:4      | Reached XP level 4. HP: 42/42 MP: 3/3
  1165 | D:4      | Found a shimmering altar of Xom.
  1179 | D:4      | Found an opulent altar of Gozag.
  1280 | D:4      | Reached XP level 5. HP: 46/48 MP: 4/4
  1335 | D:4      | Noticed a sky beast
  1724 | D:3      | Found a sacrificial altar of Ru.
  1873 | D:3      | Found a glowing golden altar of the Shining One.
  2792 | D:4      | Found Zefeitiz's Weapon Emporium.
  2820 | D:4      | Killed a sky beast
  2821 | D:4      | Reached skill level 1 in Throwing
  2821 | D:4      | Reached XP level 6. HP: 16/57 MP: 5/5
  3102 | D:4      | Reached skill level 5 in Axes
  3265 | D:4      | Noticed Grinder
  3276 | D:4      | Killed Grinder
  3277 | D:4      | Reached skill level 6 in Fighting
  3277 | D:4      | Reached skill level 1 in Dodging
  3277 | D:4      | Reached XP level 7. HP: 53/63 MP: 6/6
  3278 | D:4      | Noticed Natasha
  3286 | D:4      | Killed Natasha
  3404 | D:4      | Noticed Natasha
  3414 | D:4      | Killed Natasha
  3569 | D:4      | Reached skill level 5 in Armour
  3892 | D:4      | Noticed Natasha
  3924 | D:4      | Killed Natasha
  4001 | D:5      | Entered Level 5 of the Dungeon
  4057 | D:5      | Reached skill level 1 in Polearms
  4169 | D:5      | Found a shadowy altar of Dithmenos.
  4169 | D:5      | Noticed a yak
  4170 | D:5      | Noticed a yak
  4174 | D:5      | Noticed a yak
  4176 | D:5      | Noticed a yak
  4176 | D:5      | Noticed a yak
  4206 | D:5      | Killed a yak
  4207 | D:5      | Reached skill level 7 in Fighting
  4207 | D:5      | Killed a yak
  4208 | D:5      | Reached XP level 8. HP: 49/73 MP: 7/7
  4442 | D:4      | Reached skill level 5 in Polearms
  5086 | D:5      | Reached skill level 8 in Fighting
  5296 | D:6      | Reached XP level 9. HP: 76/77 MP: 8/8
  5386 | D:6      | Identified the +2 robe of Fortification {Will+}
  5571 | D:6      | Found a staircase to the Ecumenical Temple.
  5637 | Temple   | Entered the Ecumenical Temple
  5832 | Temple   | Became a worshipper of Warmaster Okawaru
  6645 | D:7      | Reached skill level 1 in Stealth
  6645 | D:7      | Reached skill level 1 in Invocations
  6667 | D:7      | Reached * piety under Okawaru
  6668 | D:7      | Reached skill level 5 in Throwing
  7225 | D:8      | Found a radiant altar of Vehumet.
  7265 | D:8      | Noticed Joseph
  7280 | D:8      | Killed Joseph
  7281 | D:8      | Reached skill level 1 in Maces & Flails
  7399 | D:8      | Noticed a kobold demonologist
  7403 | D:8      | Noticed a hellwing
  7412 | D:8      | Noticed a soul eater
  7413 | D:8      | Noticed an orange demon
  7413 | D:8      | Killed a kobold demonologist
  7413 | D:8      | Reached ** piety under Okawaru
  8095 | D:8      | Found a staircase to the Lair.
  8161 | D:8      | Noticed an orange demon
  8161 | D:8      | Noticed Amaemon
  8369 | D:9      | Found Udotimp's Jewellery Boutique.
  8465 | D:9      | Found a flagged portal.
  8481 | Bailey   | Entered a bailey
  8517 | Bailey   | Reached XP level 10. HP: 90/90 MP: 11/11
  8807 | Bailey   | Noticed an orc knight
  8842 | Bailey   | Killed an orc knight
  8843 | Bailey   | Reached skill level 9 in Fighting
  8848 | Bailey   | Slain by an orc warrior

Illustrated notes

Levels and vault maps discovered:
D:1:      onia_arrival_zoo_common, layout_loops_ring,
          ebering_ecumenical_altar_hall, minmay_worlds_worst_comb
D:2:      layout_basic, minmay_liquid_box
D:3:      layout_loops_ring, nicolae_ru_sacrificial_ziggurat, tso_oasis_becter
D:4:      layout_gridville, minitemple, serial_shops, shop, uniq_grinder,
          uniq_natasha
D:5:      layout_rooms, mainiacjoe_overflow_catwalk, minmay_strange_pillars
D:6:      layout_cave_pods, minmay_temple_entry_enclosed_plants
D:7:      layout_rooms
D:8:      layout_basic, vehumet_statue, lair_entry_dummy, uniq_amaemon,
          uniq_joseph
D:9:      layout_roguey, lemuel_tele_altar, orc_0_dummy, serial_shops,
          nicolae_lakefront_shop, lightli_bailey_entry_fortress,
          minmay_joined_circles
Temple:   bh_familiar_temple
Bailey:   bailey_axe_minmay_hex_keep, bailey

Skill      XL: |  1  2  3  4  5  6  7  8  9 10 |
---------------+-------------------------------+-----
Fighting       | 4 5 6 7 8 9 |  9.2
Shields        | 4 |  4.8
Axes           | 3 4 5 6 |  6.0
Armour         | 4 5 6 8 |  8.9
Throwing       | 1 2 3 4 5 |  5.8
Dodging        | 1 2 3 |  3.2
Polearms       | 3 5 6 |  6.2
Stealth        | 1 |  1.2
Invocations    | 3 |  3.6
Maces & Flails | 2 |  2.6
Evocations     | |  0.4

Action                   |  1- 3 |  4- 6 |  7- 9 | 10-12 || total
-------------------------+-------+-------+-------+-------++-------
Melee: War axe           |    76 |    91 |    14 |       ||   181
       Headbutt          |     5 |    16 |    50 |    12 ||    83
       Trident           |       |       |   108 |       ||   108
       Battleaxe         |       |       |    42 |    20 ||    62
       Mace              |       |       |    73 |    42 ||   115
       Punch             |       |       |     1 |       ||     1
Throw: Boomerang         |       |    40 |    73 |       ||   113
       Dart              |       |       |       |     2 ||     2
Invok: Heroism           |       |       |       |     1 ||     1
Evoke: Wand              |       |     4 |     2 |       ||     6
  Use: Scroll            |       |     5 |    10 |     1 ||    16
       Potion            |       |       |     1 |     2 ||     3
 Stab: Invisible         |       |       |       |     1 ||     1
Armor: Scale mail        |    42 |    52 |    90 |       ||   184
       Quicksilver drago |       |       |    43 |    25 ||    68
       Skin              |       |       |       |     5 ||     5
Dodge: Dodged            |    38 |    33 |   124 |    47 ||   242
Block: Buckler           |    21 |    26 |    28 |       ||    75
